 Dungeon Crawl Stone Soup version 0.30-a0-365-ge7f957f1db (webtiles) character file.

Game seed: 1357337380869914339

25 Philosiphyzer the Trooper (level 3, 0/33 HPs)
             Began as a Hill Orc Fighter on Nov 17, 2022.
             Slain by Sigmund
             ... wielding a +1 scythe of venom
              (6 damage)
             ... on level 2 of the Dungeon.
             The game lasted 00:04:24 (747 turns).

Philosiphyzer the Trooper (Hill Orc Fighter)         Turns: 747, Time: 00:04:26

Health: 0/33       AC:  7    Str: 20    XL:     3   Next: 4%
Magic:  3/3        EV: 10    Int:  8    God:
Gold:   80         SH:  0    Dex: 10    Spells: 2/2 levels left

rFire   . . .      SeeInvis .    a - +0 war axe
rCold   + . .      Faith    .    c - +0 buckler
rNeg    . . .      Spirit   .    j - +2 ring mail {rC+}
rPois   .          Reflect  .    (no helmet)
rElec   .          Harm     .    (no cloak)
rCorr   .          Rampage  .    (no gloves)
Will    .....                    (no boots)
Stlth   ..........               (no amulet)
HPRegen 0.25/turn                (no ring)
MPRegen 0.08/turn                (no ring)

@: confused, lethally poisoned (0 -> -4)
A: no striking features
a: no special abilities


You were on level 2 of the Dungeon.
You visited 1 branch of the dungeon, and saw 2 of its levels.

You collected 80 gold pieces.

Inventory:

Hand Weapons
 a - a +0 war axe (weapon)
Missiles
 g - 4 stones (quivered)
Armour
 b - a +0 scale mail
 c - a +0 buckler (worn)
 h - a scarf of resistance
 j - a +2 ring mail of cold resistance (worn)
Scrolls
 f - a scroll of teleportation {unknown}
 i - a scroll of fear {unknown}
 k - a scroll of identify {unknown}
Potions
 d - a potion of might
 e - a potion of curing {unknown}
 l - a potion of flight {unknown}


   Skills:
 + Level 3.9 Fighting
 + Level 3.3 Axes
 + Level 3.6 Armour
 - Level 0.3 Dodging
 + Level 3.6 Shields


You had 2 spell levels left.
You didn't know any spells.
Your spell library was empty.

Dungeon Overview and Level Annotations

Branches:
Dungeon (2/15)

Altars:

Annotations:
D:2 Sigmund


Message History

You are confused.
In your confused state, you trip and fall back down the stairs.
Sigmund closely misses you.
You climb upwards.
There is a stone staircase leading down here.
You feel less confused.
You climb downwards.
Level annotation: Sigmund
There is a stone staircase leading up here.
Sigmund hits you but does no damage.
You are poisoned.
You feel very sick.
You barely miss Sigmund.
You feel sick. Sigmund gestures at you while chanting.
You resist with significant effort.
You closely miss Sigmund.
You feel sick.
Sigmund hits you with a +1 scythe of venom!
You hit Sigmund.
Sigmund is lightly wounded.
You feel sick. Sigmund hits you but does no damage.
You are more poisoned.
You slash Sigmund!
Sigmund is severely wounded.
You feel very sick. Sigmund barely misses you.
You are too injured to fight recklessly!
You are too injured to fight recklessly!
You barely miss Sigmund.
Sigmund is severely wounded.
You feel very sick.
Sigmund points at you and mumbles some strange words.
You are confused.
You slash Sigmund!
Sigmund is almost dead.
You feel very sick.
Sigmund points at you and mumbles some strange words.
The puff of flame hits you.
* * * LOW HITPOINT WARNING * * *
Sigmund hits you with a +1 scythe of venom.
You die...

###########
#...<.@@..#
##.#.###.##
# #.# .#
#.# # #.#
#.. ###


You could see Sigmund.

Vanquished Creatures
  2 dart slugs (D:1)
  2 endoplasms (D:1)
  A giant cockroach (D:1)
  A hobgoblin (D:1)
  3 jackals (D:1)
  A quokka (D:1)
  4 ball pythons (D:1)
  4 frilled lizards (D:1)
  A kobold (D:1)
  3 rats (D:1)
22 creatures vanquished.

Notes
Turn   | Place    | Note
-------+----------+-------------------------------------------
     0 | D:1      | Philosiphyzer the Hill Orc Fighter began the quest for the
                  | Orb.
     0 | D:1      | Reached XP level 1. HP: 19/19 MP: 1/1
   284 | D:1      | Reached XP level 2. HP: 24/27 MP: 2/2
   590 | D:1      | Reached XP level 3. HP: 29/33 MP: 3/3
   729 | D:2      | Noticed Sigmund
   747 | D:2      | Slain by Sigmund

Illustrated notes

Levels and vault maps discovered:
D:1:      lemuel_arrival_hallway, layout_basic, nicolae_kite_square_tiling_tiny
D:2:      layout_basic, serial_shops, shop, basic_altar, uniq_sigmund,
          uniq_terence

Skill      XL: |  1 |
---------------+----+-----
Axes           | 3 |  3.3
Fighting       | |  3.9
Armour         | |  3.6
Dodging        | |  0.3
Shields        | |  3.6

Action                   || total
-------------------------++-------
Melee: War axe           ||    75
Throw: Stone             ||     1
Armor: Scale mail        ||    17
       Ring mail         ||    14
Dodge: Dodged            ||    41
Block: Buckler           ||    19

Table legend: (Time is in decaauts)
 A = Elapsed time spent in this place.
 B = Non-inter-level travel time spent in this place.
 C = Inter-level travel time spent in this place.
 D = Time resting spent in this place.
 E = Time spent auto-exploring this place.
 F = Levels seen in this place.
 G = Mean time per level.
                   A        B        C        D        E       F      G
               +--------+--------+--------+--------+--------+-----+--------+
         Total |    778 |    760 |     18 |      0 |    469 |   2 |  389.0 |
       Dungeon |    778 |    760 |     18 |      0 |    469 |   2 |  389.0 |
               +--------+--------+--------+--------+--------+-----+--------+

Top non-repeatable levels by time:
     D:1: 761 daAuts
     D:2: 16 daAuts
